Map: Sanctuary III LE

Players

RipNHammer

  • Race: Terran Terran
  • League: Master
  • Spawn Location: 1:00

Mineral - Winner!

  • Race: Zerg Zerg
  • League: Grandmaster
  • Spawn Location: 7:00

VOD

Have the link to the VOD?

Description

Time

  • Played on: Sept. 5, 2026, 1:03 p.m.
  • Length: 21:20
Show
View Real Time Build Order
Export as new Build Order

RipNHammer Terran 

Build Orders: Reaper Expand, Mech 

Get SALT Encoding   

  8  0:00  SCV  
  9  0:12  SCV  
  10  0:24  SCV  
  11  0:36  SCV  
  11  0:39  Supply Depot  
  12  0:49  SCV  
  13  0:54  Refinery  
  13  1:01  SCV  
  14  1:06  Barracks  
  14  1:13  SCV  
  15  1:25  SCV  
  16  1:37  SCV  
  17  1:53  Reaper  
  18  1:54  Orbital Command  
  18  2:08  Command Center  
  18  2:20  SCV  
  19  2:27  Factory  
  19  2:33  Barracks Reactor  
  19  2:34  SCV  
  20  2:39  Refinery  
  20  2:44  Supply Depot  
  20  2:48  SCV  
  21  3:05  SCV  
  21  3:12  Starport  
  22  3:29  SCV, Orbital Command  
  22  3:34  Hellion x2  
  27  3:38  Barracks Tech Lab  
  27  3:41  SCV  
  28  3:50  Viking  
  28  3:53  SCV  
  31  3:57  Hellion x2  
  31  4:02  SCV  
  36  4:05  SCV  
  37  4:10  Supply Depot  
  37  4:14  SCV  
  38  4:27  SCV x2  
  38  4:30  Cloaking Field  
  40  4:31  Banshee  
  43  4:39  Supply Depot  
  43  4:42  SCV  
  44  4:46  Widow Mine x2  
  48  4:58  SCV  
  48  4:59  Bunker, Supply Depot  
  49  5:05  Command Center  
  49  5:06  SCV  
  50  5:10  SCV  
  50  5:13  Hellion x2  
  55  5:16  Banshee  
  59  5:21  SCV  
  59  5:33  SCV x2  
  59  5:38  Hellion  
  59  5:39  Factory  
  59  5:40  Factory  
  61  5:44  Supply Depot  
  61  5:45  SCV  
  62  5:52  Hellion  
  62  5:53  SCV  
  65  5:57  SCV  
  66  6:06  SCV  
  66  6:09  SCV  
  68  6:12  Supply Depot  
  68  6:14  Refinery x2, Supply Depot  
  68  6:23  SCV  
  69  6:27  SCV, Factory  
  69  6:28  Orbital Command  
  70  6:40  Factory Tech Lab  
  70  6:41  Cyclone, Hellion  
  70  6:42  Hellion  
  66  7:00  SCV x2  
  68  7:09  SCV  
  68  7:10  Cyclone, Hellion  
  68  7:12  SCV  
  68  7:13  Siege Tank  
  75  7:26  Orbital Command  
  75  7:29  Factory Tech Lab  
  75  7:30  Mag-Field Accelerator  
  63  7:42  Siege Tank  
  54  7:45  Siege Tank  
  54  7:50  SCV x2  
  54  7:54  Hellion x2, Siege Tank  
  54  7:55  SCV  
  58  8:10  SCV x3  
  58  8:17  Siege Tank  
  61  8:22  SCV  
  61  8:26  SCV x2  
  64  8:29  Engineering Bay  
  64  8:32  Cyclone x2  
  64  8:33  Hellion x2  
  74  8:36  SCV  
  74  8:38  SCV  
  76  8:43  Armory  
  76  8:46  Factory  
  76  8:47  SCV  
  77  8:49  Siege Tank  
  77  8:50  SCV, Refinery x2  
  77  8:54  Supply Depot  
  81  8:59  Hellion x2  
  84  9:12  SCV x3  
  86  9:23  Cyclone  
  86  9:24  Siege Tank, SCV x3, Hellion  
  97  9:33  Terran Vehicle Weapons Level 1  
  97  9:34  Supply Depot  
  97  9:35  Armory  
  97  9:36  SCV x3  
  100  9:40  Factory Tech Lab  
  100  9:43  Missile Turret  
  100  9:46  Infernal Pre-Igniter  
  100  9:48  SCV x3  
  103  9:54  Hellion x2  
  103  9:56  Supply Depot  
  103  9:58  Cyclone  
  103  9:59  Siege Tank  
  113  10:00  SCV x3  
  113  10:07  Cyclone  
  119  10:15  Missile Turret  
  119  10:17  Siege Tank  
  119  10:18  Hellion  
  118  10:30  Cyclone  
  118  10:35  Cyclone, Hellion  
  105  10:38  SCV x3  
  105  10:39  Siege Tank  
  111  10:45  Terran Vehicle And Ship Armor Level 1  
  111  10:49  Supply Depot  
  111  10:50  SCV x3  
  114  10:58  Missile Turret  
  114  11:00  Missile Turret  
  114  11:02  Command Center  
  114  11:03  Missile Turret, SCV  
  115  11:05  SCV  
  115  11:07  Hellion x2  
  120  11:12  SCV  
  120  11:13  Cyclone  
  120  11:15  SCV  
  120  11:16  Supply Depot  
  125  11:18  SCV  
  125  11:24  Hellion, SCV  
  129  11:32  Terran Vehicle Weapons Level 2  
  129  11:35  Starport Reactor  
  129  11:39  Siege Tank  
  132  11:41  Siege Tank  
  132  11:46  Cyclone, Siege Tank  
  143  11:47  Hellion  
  143  11:52  Supply Depot  
  143  11:53  Supply Depot  
  143  11:55  Hellion  
  92  12:08  Hellion  
  92  12:11  Siege Tank  
  92  12:13  Cyclone  
  82  12:16  Hellion  
  82  12:18  Siege Tank, Cyclone  
  90  12:39  Orbital Command  
  90  12:43  SCV x2  
  90  12:44  Cyclone  
  95  12:45  Cyclone  
  95  12:50  Siege Tank  
  101  12:55  SCV  
  101  12:56  SCV  
  103  13:03  Cyclone  
  107  13:05  SCV  
  107  13:07  SCV  
  107  13:08  SCV  
  109  13:17  Hellion, SCV  
  113  13:20  SCV x2  
  108  13:36  Cyclone, Siege Tank, Hellion  
  108  13:38  SCV x2  
  108  13:41  Command Center  
  108  13:42  Refinery  
  106  13:49  Missile Turret  
  106  13:50  Siege Tank, Hellion  
  106  13:52  SCV  
  106  13:54  Terran Vehicle Weapons Level 3  
  106  13:55  Terran Vehicle And Ship Armor Level 2, Refinery  
  114  14:03  Hellion x2  
  116  14:14  Supply Depot  
  116  14:15  Supply Depot  
  116  14:17  Missile Turret  
  116  14:19  Cyclone, Siege Tank, Hellion  
  124  14:25  Hellion x2  
  124  14:27  Supply Depot, Siege Tank  
  131  14:34  SCV  
  131  14:37  SCV x2  
  134  14:39  Sensor Tower  
  134  14:41  Missile Turret  
  132  14:46  Cyclone  
  132  14:49  Refinery  
  132  14:52  Cyclone, Refinery  
  140  14:53  Hellion  
  140  14:55  Hellion  
  139  15:18  Cyclone, Siege Tank, Hellion  
  139  15:21  Cyclone, Hellion  
  137  15:38  Cyclone  
  137  15:40  Hellion  
  140  15:46  Missile Turret  
  140  15:50  Siege Tank  
  140  15:55  Missile Turret, Cyclone  
  146  16:04  Cyclone  
  146  16:06  Missile Turret  
  146  16:08  Missile Turret  
  139  16:22  Planetary Fortress  
  140  16:25  SCV x2  
  140  16:26  SCV  
  140  16:28  Terran Vehicle And Ship Armor Level 3  
  142  16:39  SCV x3  
  145  16:40  Cyclone  
  145  16:41  Hellion  
  150  16:50  Missile Turret  
  150  16:51  SCV  
  150  16:53  Refinery, Missile Turret  
  151  16:55  Refinery  
  151  16:59  Factory  
  151  17:06  Missile Turret, SCV  
  152  17:10  Missile Turret  
  152  17:12  Sensor Tower  
  152  17:20  Sensor Tower  
  152  17:21  SCV  
  153  17:29  Thor x2  
  165  17:33  Hellion  
  167  17:54  Thor  
  167  17:55  Hellion  
  175  18:00  Command Center  
  172  18:09  Thor  
  177  18:13  Factory Tech Lab  
  158  18:31  Thor  
  161  18:49  Thor  
  145  18:59  Cyclone  
  130  19:22  Refinery, Hellion  
  129  19:26  Refinery  
  129  19:27  Missile Turret  
  129  19:33  Hellion  
  129  19:35  Hellion  
  133  19:44  Thor  
  139  19:46  Sensor Tower  
  139  19:50  Hellion  
  107  20:32  SCV x3  
  100  20:44  SCV x3  
  101  20:54  Hellion  
  101  20:56  SCV  
  116  21:01  Command Center  
  116  21:05  SCV  
  116  21:06  SCV  
Show
View Real Time Build Order
Export as new Build Order

Mineral Zerg - Winner!

Build Orders: Hatch First, Lurkers, Roach Hydra 

Get SALT Encoding   

  8  0:00  Drone  
  9  0:10  Drone  
  10  0:16  Drone  
  11  0:28  Overlord  
  11  0:34  Drone  
  12  0:46  Drone x2  
  14  0:50  Drone  
  15  1:12  Hatchery  
  15  1:17  Drone  
  15  1:20  Drone  
  15  1:24  Drone  
  17  1:38  Spawning Pool  
  16  1:42  Drone  
  16  1:45  Drone  
  18  1:47  Extractor  
  18  1:51  Drone  
  18  2:00  Drone  
  19  2:09  Overlord  
  19  2:25  Queen x2  
  19  2:26  Zergling x2  
  24  2:30  Zergling x2  
  24  2:34  Drone  
  24  2:36  Drone  
  27  2:42  Drone  
  28  2:46  Drone  
  29  2:52  Drone  
  31  2:58  Drone  
  31  3:04  Drone, Overlord  
  31  3:25  Hatchery  
  29  3:27  Drone x4  
  29  3:32  Drone  
  29  3:34  Roach Warren  
  33  3:35  Drone  
  33  3:38  Drone x2  
  36  3:41  Drone  
  36  3:44  Drone  
  36  3:45  Drone  
  39  3:52  Overlord  
  39  4:04  Overlord  
  39  4:10  Queen  
  39  4:11  Overlord  
  39  4:13  Roach x3  
  47  4:19  Evolution Chamber  
  47  4:22  Roach  
  48  4:27  Drone x3, Extractor  
  50  4:39  Drone x6  
  50  4:44  Overlord  
  56  4:51  Lair  
  56  4:53  Spore Crawler, Drone x4  
  59  5:03  Overlord x2  
  59  5:06  Zerg Ground Armor Level 1  
  59  5:09  Extractor  
  59  5:12  Drone x5  
  64  5:19  Overlord x2  
  59  5:29  Drone x8  
  66  5:36  Drone  
  66  5:39  Drone x2  
  69  5:44  Queen, Overlord  
  69  5:47  Extractor  
  70  5:51  Overlord  
  70  5:54  Extractor  
  69  5:57  Evolution Chamber  
  69  6:00  Glial Reconstitution  
  69  6:03  Drone x3  
  69  6:04  Extractor  
  70  6:05  Drone x3  
  70  6:06  Drone x2  
  70  6:07  Roach x2  
  79  6:14  Extractor, Drone x3  
  81  6:19  Roach  
  81  6:25  Zerg Missile Weapons Level 1  
  83  6:26  Roach x2  
  83  6:30  Hatchery  
  83  6:31  Roach x2  
  90  6:33  Roach  
  90  6:34  Overlord  
  90  6:38  Queen  
  94  6:40  Drone  
  93  6:51  Roach x4  
  94  7:03  Overseer  
  94  7:05  Zerg Ground Armor Level 2  
  92  7:08  Queen x2  
  94  7:18  Drone x7  
  99  7:25  Drone x4  
  94  7:48  Hydralisk Den  
  94  7:49  Overlord  
  87  7:56  Roach x3  
  87  7:57  Roach x2  
  95  8:01  Roach x2  
  95  8:02  Drone x2  
  95  8:04  Drone x2  
  95  8:05  Drone x3  
  99  8:06  Drone  
  99  8:09  Spore Crawler  
  98  8:17  Overlord x2  
  98  8:18  Hydralisk  
  98  8:19  Hydralisk x3, Spore Crawler  
  105  8:20  Grooved Spines  
  105  8:26  Drone  
  107  8:27  Drone x2  
  107  8:31  Infestation Pit  
  107  8:32  Overlord  
  107  8:33  Metabolic Boost  
  107  8:35  Overlord  
  107  8:37  Drone x4  
  111  8:44  Overlord  
  111  8:49  Hydralisk x3  
  111  8:52  Zerg Missile Weapons Level 2  
  117  8:59  Overlord  
  117  9:04  Drone x8  
  117  9:05  Drone  
  126  9:10  Muscular Augments  
  126  9:12  Hydralisk x4  
  132  9:19  Overlord  
  132  9:20  Infestor x2  
  136  9:26  Overlord  
  136  9:30  Overlord  
  136  9:31  Overlord  
  136  9:33  Extractor  
  136  9:34  Extractor  
  136  9:36  Drone x3  
  136  9:37  Drone x2  
  136  9:38  Drone x3  
  142  9:40  Drone, Hydralisk x3  
  149  9:48  Infestor x2  
  149  9:51  Hydralisk  
  155  10:01  Hydralisk x3  
  161  10:10  Hydralisk x4  
  169  10:27  Hatchery, Hydralisk x7  
  138  10:35  Drone  
  138  10:36  Drone x3  
  138  10:37  Drone  
  138  10:39  Hydralisk x5  
  138  10:42  Drone  
  146  10:49  Hydralisk x4  
  144  10:52  Overlord x2  
  152  10:58  Zergling x20  
  152  11:02  Drone  
  163  11:06  Hive, Hatchery  
  162  11:13  Drone x7  
  162  11:15  Overlord  
  162  11:16  Pneumatized Carapace  
  169  11:20  Overlord  
  169  11:21  Drone  
  169  11:22  Drone, Hydralisk  
  173  11:25  Hydralisk x4  
  173  11:30  Hydralisk  
  173  11:32  Lurker Den  
  182  11:34  Drone x5  
  187  11:44  Hydralisk x6  
  190  11:57  Infestor x2  
  172  12:10  Drone x4  
  166  12:16  Infestor x3  
  166  12:17  Hydralisk  
  166  12:19  Drone x5  
  166  12:21  Extractor  
  178  12:23  Extractor  
  181  12:30  Drone x4  
  181  12:35  Adaptive Talons  
  181  12:40  Hydralisk x5  
  191  12:48  Overlord  
  191  12:49  Zerg Missile Weapons Level 3  
  191  12:55  Spine Crawler  
  191  12:57  Spine Crawler x2  
  188  12:58  Spine Crawler  
  188  12:59  Drone x2  
  188  13:00  Spine Crawler x2  
  188  13:01  Drone x4  
  188  13:04  Hydralisk x4  
  199  13:08  Overseer x2  
  199  13:11  Extractor  
  198  13:15  Overlord, Extractor  
  198  13:17  Spire  
  196  13:27  Unknown  
  168  13:36  Hydralisk x5  
  168  13:37  Zergling x8  
  168  13:38  Zergling x46  
  193  13:43  Lurker x4  
  193  13:44  Lurker x2  
  193  13:45  Seismic Spines  
  199  13:54  Nydus Network  
  198  14:02  Overlord  
  198  14:11  Hydralisk  
  198  14:16  Zerg Ground Armor Level 3  
  200  14:25  Spine Crawler  
  200  14:26  Greater Spire  
  200  14:27  Spine Crawler  
  198  14:45  Spine Crawler  
  186  14:46  Hydralisk x9  
  186  14:52  Spine Crawler  
  195  14:53  Nydus Canal  
  195  14:56  Hydralisk x2  
  192  15:15  Corruptor x4  
  192  15:20  Corruptor  
  200  15:26  Zerg Melee Weapons Level 1  
  200  15:34  Burrow  
  195  15:49  Brood Lord x2  
  199  15:52  Zerg Flyer Weapons Level 1  
  199  15:56  Spire  
  198  16:16  Corruptor x4  
  180  16:23  Corruptor x3  
  182  16:29  Brood Lord  
  184  16:41  Nydus Canal  
  184  16:49  Brood Lord x4  
  192  16:56  Brood Lord x3  
  198  17:20  Corruptor  
  200  17:37  Zerg Flyer Armor Level 1  
  200  17:38  Hatchery  
  199  17:49  Hatchery  
  196  17:52  Hatchery  
  195  18:04  Overlord x6  
  181  18:09  Corruptor x5  
  181  18:10  Corruptor  
  177  18:26  Hydralisk x3  
  177  18:27  Hydralisk x3  
  173  18:30  Zergling x34  
  189  18:35  Hydralisk x5  
  199  18:45  Lurker x4  
  172  18:56  Queen x4  
  171  19:18  Hatchery  
  170  19:28  Brood Lord x5, Corruptor x5  
  190  19:50  Extractor  
  189  19:57  Hydralisk x7  
  199  20:07  Extractor  
  199  20:08  Extractor  
  171  20:21  Hydralisk x14  
  175  20:39  Hydralisk  
  175  20:40  Zergling x20, Hydralisk x15  
  195  20:48  Spore Crawler, Hydralisk x2  
Tags
 
Add a new tag
Caveats
  • Supply blocks, unpowered buildings, or Contaminate may cause inaccurate times.
  • Supply counts are checked every 10 seconds.